 Dungeon Crawl Stone Soup version 0.27.0-1-g7a089689b8 (webtiles) character file.

Game seed: 9451234915164579517

157 seveneves the Shield-Bearer (level 5, -1/70 HPs)
             Began as a Minotaur Fighter on Aug 3, 2021.
             Was an Initiate of Ru.
             Succumbed to a scorpion's poison
             ... on level 4 of the Dungeon.
             The game lasted 00:06:13 (2202 turns).

seveneves the Shield-Bearer (Minotaur Fighter)      Turns: 2202, Time: 00:06:13

Health: -1/70      AC:  7    Str: 22    XL:     5   Next: 15%
Magic:  1/1        EV:  8    Int:  5    God:    Ru [......]
Gold:   151        SH: 10    Dex:  9    Spells: 4/4 levels left

rFire    . . .     SeeInvis .   h - +0 dagger (antimagic)
rCold    . . .     Faith    .   c - +0 kite shield
rNeg     + . .     Spirit   .   b - +0 scale mail
rPois    .         Reflect  .   (helmet restricted)
rElec    .         Harm     .   (no cloak)
rCorr    .         Rampage  .   (no gloves)
Will     +....                  (no boots)
Stlth    ..........             (no amulet)
HPRegen  0.21/turn              e - ring of positive energy
MPRegen  0.07/turn              a - ring of willpower

@: berserking, lethally poisoned (-1 -> -12), very quick
A: horns 2, retaliatory headbutt
a: Renounce Religion


You were on level 4 of the Dungeon.
You worshipped Ru.
Ru was noncommittal.
You visited 1 branch of the dungeon, and saw 4 of its levels.

You collected 151 gold pieces.

Inventory:

Hand Weapons
 h - a +0 antimagic dagger (weapon)
Missiles
 n - a throwing net (quivered)
Armour
 b - a +0 scale mail (worn)
 c - a +0 kite shield (worn)
Jewellery
 a - a ring of willpower (right hand)
 e - a ring of positive energy (left hand)
Scrolls
 f - a scroll of torment {unknown}
 g - a scroll of amnesia {unknown}
 i - a scroll of fear {unknown}
 j - 2 scrolls of fog {unknown}
 k - 2 scrolls of enchant weapon {unknown}
 l - a scroll of vulnerability {unknown}
 o - a scroll of identify {unknown}
Potions
 d - a potion of might
 p - a potion of magic {unknown}


   Skills:
 + Level 4.8 Fighting
 + Level 0.7(1.9) Short Blades
 + Level 3.0(3.1) Long Blades
 + Level 4.6 Armour
 + Level 0.7 Dodging
 + Level 5.0 Shields


You had 4 spell levels left.
You didn't know any spells.
Your spell library contained the following spells:

 Spells                   Type           Power      Damage    Failure   Level
 Ozocubu's Armour         Ice            0%         N/A       100%        3
 Summon Forest            Summ/Tloc      0%         N/A       100%        5
 Summon Mana Viper        Hex/Summ       0%         N/A       100%        5
 Shadow Creatures         Summ           N/A        N/A       100%        6
 Ozocubu's Refrigeration  Ice            0%         4d5       100%        7


Dungeon Overview and Level Annotations

Branches:
Dungeon (4/15)
 Temple: D:4-7

Altars:
Ru
Wu Jian


Innate Abilities, Weirdness & Mutations

You have a pair of horns on your head.
You reflexively headbutt those who attack you in melee.


Message History

The kobold hits you but does no damage.
You hit the kobold.
You kill the kobold!
Things that are here:
a +0 whip; 3 stones; a kobold corpse The scorpion barely misses you.
You barely miss the scorpion. The scorpion stings you.
You hit the scorpion but do no damage. You headbutt the scorpion.
The scorpion is lightly wounded.
The scorpion stings you.
You hit the scorpion but do no damage.
The scorpion is lightly wounded.
The scorpion stings you!
You are poisoned.
The scorpion poisons you! The scorpion stings you.
You are lethally poisoned!
The scorpion poisons you!
You hit the scorpion but do no damage.
The scorpion is lightly wounded.
* * * LOW HITPOINT WARNING * * *
You feel extremely sick. The scorpion stings you.
* * * LOW HITPOINT WARNING * * *
You completely miss the scorpion. You headbutt the scorpion.
The scorpion is moderately wounded.
* * * LOW HITPOINT WARNING * * *
You feel very sick. You block the scorpion's attack.
You closely miss the scorpion.
The scorpion is moderately wounded.
* * * LOW HITPOINT WARNING * * *
You feel very sick. The scorpion stings you.
* * * LOW HITPOINT WARNING * * *
The scorpion barely misses you. You furiously retaliate!
You headbutt the scorpion.
It was a potion of berserk rage.
A red film seems to cover your vision as you go berserk!
You feel yourself moving faster!
You feel mighty!
You die...

#.#.##.##....+
#.#.#.......#..?.#
#####.#...#.#†..#....#
#.........)....<#....###
≈._.≈..#..#..##.......
.....#..###..#.......
#.#.#.##(##.........
#...s..#.#...[......
#..@# ##.##.#.......
#.)####...####......
#.##(.....)).##.....
#..####...#'##......
#...#.##.##.#.......
#......#.#..........
#.....##.##.#.......
#####..###..#######.
##..#..## #.


You could see a scorpion.

Vanquished Creatures
  A bullfrog skeleton (D:4)
  4 gnolls (D:3)
  An adder (D:4)
  A worm (D:2)
  A dart slug (D:1)
  5 orcs
  7 bats
  2 endoplasms
  3 giant cockroaches
  3 goblins (D:1)
  7 hobgoblins
  2 jackals (D:2)
  13 kobolds
  4 quokkas
  3 ball pythons (D:1)
  2 frilled lizards (D:2)
  8 rats
67 creatures vanquished.

Vanquished Creatures (others)
  3 fungi (D:1)
  A plant (D:1)
4 creatures vanquished.

Grand Total: 71 creatures vanquished

Notes
Turn   | Place    | Note
-------+----------+-------------------------------------------
     0 | D:1      | seveneves the Minotaur Fighter began the quest for the Orb.
     0 | D:1      | Reached XP level 1. HP: 19/19 MP: 0/0
   193 | D:1      | Reached XP level 2. HP: 26/27 MP: 1/1
   256 | D:1      | Found a faded altar of an unknown god.
   323 | D:1      | Reached skill level 4 in Shields
   347 | D:1      | Reached XP level 3. HP: 20/33 MP: 2/2
   988 | D:2      | Found a sacrificial altar of Ru.
   996 | D:2      | Became a worshipper of Ru the Awakened
  1253 | D:3      | Reached XP level 4. HP: 22/40 MP: 1/3
  2113 | D:4      | Reached skill level 5 in Shields
  2113 | D:4      | Reached XP level 5. HP: 40/47 MP: 1/4
  2188 | D:4      | Found an ornate altar of the Wu Jian Council.
  2201 | D:4      | HP: 2/47 [poisoned by a scorpion]
  2202 | D:4      | Succumbed to a scorpion's poison

Illustrated notes

Levels and vault maps discovered:
D:1:      dpeg_arrival_water_temple_mockup, layout_rooms,
          shapermc_ecumenical_altar_acropolis
D:2:      layout_loops_ring, basic_altar, minmay_octomino_e4
D:3:      layout_basic, minivault_4
D:4:      layout_basic, mainiacjoe_overflow_tiny_flanked,
          minmay_temple_entry_glassed_door, minmay_fractal_squares_gapless_5,
          uniq_robin

Skill      XL: |  1  2  3  4 |
---------------+-------------+-----
Fighting       | 4 |  4.8
Shields        | 4 5 |  5.0
Armour         | 4 |  4.6
Long Blades    | 3 |  3.0
Short Blades   | |  0.7
Dodging        | |  0.7

Action                   |  1- 3 |  4- 6 || total
-------------------------+-------+-------++-------
Melee: Long sword        |    39 |       ||    39
       Headbutt          |    14 |    12 ||    26
       Dagger            |    76 |    72 ||   148
  Use: Scroll            |     2 |       ||     2
       Potion            |       |     2 ||     2
Armor: Scale mail        |    61 |    30 ||    91
Dodge: Dodged            |    42 |    17 ||    59
Block: Kite shield       |    63 |    45 ||   108
       Rpst.: Long sword |     2 |       ||     2
